 Dungeon Crawl Stone Soup version 0.20-a0-553-g9f38e11 (webtiles) character file.

36261 Ijustatesigmund the Slicer (level 14, -2/92 HPs)
             Began as a Kobold Assassin on Feb 3, 2017.
             Was the Champion of Cheibriados.
             Slain by an entropy weaver (7 damage)
             ... on level 5 of the Lair of Beasts.
             The game lasted 01:16:47 (17311 turns).

Ijustatesigmund the Slicer (Kobold Assassin)       Turns: 17311, Time: 01:16:48

Health: -2/92      AC: -1    Str: 23    XL:     14   Next: 22%
Magic:  20/20      EV: 27    Int: 31    God:    Cheibriados [******]
Gold:   528        SH: 12    Dex: 33    Spells: 7/19 levels left

rFire    . . .     SeeInvis .   k - +5 short sword (pierce)
rCold    . . .     Gourm    .   y - +2 robe {Archmagi}
rNeg     + . .     Faith    .   j - +3 buckler
rPois    .         Spirit   .   (no helmet)
rElec    .         Reflect  .   Q - +2 cloak "Weuplur" {rN+ Regen+ Stlth+}
rCorr    .         Harm     .   (no gloves)
MR       +....                  (no boots)
Stlth    ++++++++..             (no amulet)
Regen    1.1/turn               I - +2 ring of slaying
                                J - ring of stealth

@: corroded, repel missiles, very slow
A: carnivore 3, regeneration 1, wild magic 1
a: Bend Time, Temporal Distortion, Slouch, Step From Time, Renounce Religion


You were on level 5 of the Lair of Beasts.
You worshipped Cheibriados.
Cheibriados was exalted by your worship.
You were completely stuffed.

You visited 2 branches of the dungeon, and saw 17 of its levels.
You also visited: Labyrinth, Sewer and Ossuary.

You collected 1081 gold pieces.
You spent 553 gold pieces at shops.

Inventory:

Hand Weapons
 b - a +0 blowgun
 k - a +5 short sword of piercing (weapon)
Missiles
 e - 62 poisoned needles
 f - 2 curare-tipped needles
 N - 4 steel tomahawks (quivered)
Armour
 c - +1 fire dragon scales
 j - a +3 buckler (worn)
 y - a +2 robe of the Archmagi (worn)
 Q - the +2 cloak "Weuplur" (worn) {rN+ Regen+ Stlth+}
   (You bought it in a shop on level 10 of the Dungeon)

   It protects you from negative energy.
   It increases your rate of regeneration.
   It makes you more stealthy.
Jewellery
 n - an uncursed ring of poison resistance
 q - an uncursed ring of see invisible
 u - a +4 ring of evasion {unknown}
 z - an uncursed ring of positive energy
 F - an uncursed ring of wizardry
 I - a +2 ring of slaying (right hand)
 J - a ring of stealth (left hand)
Wands
 d - a wand of lightning (4/15)
 m - a wand of paralysis (6/24)
 s - a wand of confusion (30/48)
 M - a wand of polymorph (11/24)
 U - a wand of acid (8/15)
Scrolls
 h - 3 scrolls of identify
 t - 7 scrolls of teleportation
 x - 5 scrolls of fog
 A - a scroll of magic mapping
 B - 2 scrolls of immolation
 C - a scroll of fear
 D - 2 scrolls of remove curse
 L - a scroll of holy word
 R - a scroll of blinking
 Z - 2 scrolls of recharging
Potions
 a - a potion of invisibility
 i - 10 potions of flight
 l - 2 potions of magic
 o - 3 potions of mutation
 p - 3 potions of agility
 r - a potion of cure mutation
 v - 4 potions of curing
 E - 3 potions of cancellation
 G - 2 potions of brilliance
 H - 2 potions of ambrosia
 O - a potion of might
 W - 2 potions of heal wounds
Miscellaneous
 Y - a phantom mirror
Comestibles
 g - 6 meat rations
 w - 15 royal jellies
 K - 15 chunks of flesh


   Skills:
 - Level 12.5 Fighting
 - Level 13.6 Short Blades
 - Level 2.1 Throwing
 - Level 9.5 Dodging
 - Level 12.1 Stealth
 - Level 5.5 Shields
 - Level 3.2 Spellcasting
 + Level 2.8 Conjurations
 - Level 4.4 Hexes
 + Level 2.7 Summonings
 - Level 2.8 Translocations
 + Level 2.4 Air Magic
 + Level 2.7 Poison Magic
 - Level 9.2 Invocations


You had 7 spell levels left.
You knew the following spells:

 Your Spells              Type           Power        Failure   Level  Hunger
a - Apportation           Tloc           #####.       3%          1    None
b - Blink                 Tloc           N/A          6%          2    #......
c - Repel Missiles        Chrm/Air       ###...       12%         2    #......
d - Confuse               Hex            ######..     6%          3    ##.....
e - Summon Butterflies    Summ           #####...     3%          1    None
f - Mephitic Cloud        Conj/Pois/Air  #####...     14%         3    ##.....


Dungeon Overview and Level Annotations

Branches:
Dungeon (12/15)            Temple (0/1) D:6            Lair (5/6) D:8
 Shoals (0/4) Lair:4       Spider (0/4) Lair:2        Slime (0/5) Lair:5
    Orc (0/2) D:9

Altars:
Cheibriados
Hepliaklqana
Kikubaaqudgha
Sif Muna
Trog
Yredelemnul
Beogh
Jiyva

Shops:
D:5 (   D:6 !   D:10 :[[

Annotations:
Lair:2 exclusion: 2 oklob plants


Innate Abilities, Weirdness & Mutations

You are small and have problems with some larger weapons.
You are carnivorous and can eat meat at any time.
Your natural rate of healing is unusually fast.
Your spells are a little harder to cast, but a little more powerful.


Message History

The entropy weaver barely misses you. The entropy weaver misses you.
You hit the entropy weaver but do no damage.
The entropy weaver is almost dead.
You closely miss the entropy weaver.
The entropy weaver is almost dead.
You block the entropy weaver's attack. The entropy weaver hits you! x2
* * * LOW HITPOINT WARNING * * *
You block the entropy weaver's attack.
Evoke which item? (* to show all) (? for menu, Esc to quit)
Aiming: Lightning Bolt
Press: ? - help, Shift-Dir - straight line, f - entropy weaver
Aim: an entropy weaver (almost dead)
You hear a mighty clap of thunder!
The bolt of lightning hits the entropy weaver.
The entropy weaver appears unharmed.
The entropy weaver is almost dead.
This wand has 4 charges left.
The entropy weaver hits you!
* * * LOW HITPOINT WARNING * * *
You block the entropy weaver's attack. The entropy weaver hits you!
You die...

*................................
*P..#..#...###.#.......##..##..P.
*#.*####...#*##.####(.P######...#
*.** #....* ### ##.P## #.#.#. ***
#PP### #...# ##...# ** #.P# #..##
##.#..# ,******#..#*
##..#####....%#
*,*,**,....########..###PP..P..#.
*,,,,,,,,......a@.......P....>...
**,,,,,**.#..#P..#..#.#....#.###.
*****,,,****##...###.....######.
*,*** *#...# ##...## #.. *,*
#...## #..## ##. *,** *#..P# ##.#
#. **,,* *.#..# #..# #. *,,**
###.## ##.## ## **,* *** ##.# #


You could see an entropy weaver.

Vanquished Creatures
  An entropy weaver (Lair:5)
  A minotaur (Lab)
  3 hydras
  5 two-headed ogres
  A queen ant (Lair:5)
  An ugly thing (D:12)
  A manticore (D:11)
  A cyclops (D:12)
  4 merfolk sirens (Lair:4)
  Psyche (D:8)
  11 spiny frogs
  2 gargoyles (Lab)
  A torpor snail (Lair:2)
  2 rime drakes
  A centaur skeleton (D:10)
  2 komodo dragons
  2 trolls
  Grinder (D:6)
  A hornet (D:9)
  4 dream sheep (Lair:2)
  8 slime creatures
  6 hippogriffs
  A meliai zombie (D:11)
  Sigmund (D:6)
  2 redbacks
  2 wyverns
  18 yaks
  The ghost of nht the Ruffian, an amateur TrTm of Nemelex Xobeh (D:3)
  3 basilisks
  3 hungry ghosts
  3 vampire mosquitoes (D:10)
  8 swamp worms (Lair:4)
  5 water moccasins
  17 soldier ants
  8 porcupines
  7 orc warriors
  2 ice beasts
  A sky beast (D:12)
  A necrophage (D:12)
  7 ogres
  4 phantoms
  2 eyes of draining (D:11)
  5 crocodiles
  7 wolves
  2 centaurs
  A big kobold (D:8)
  Blork the orc (D:5)
  9 bullfrogs
  A wyvern zombie (D:6)
  A scorpion (D:10)
  5 wights (D:12)
  4 killer bees (D:8)
  4 electric eels
  3 howler monkeys
  9 crimson imps
  A bullfrog zombie (D:3)
  2 centaur zombies
  2 quasits
  8 hounds
  5 jellies
  10 orc priests
  3 bullfrog skeletons
  4 iguanas
  9 orc wizards
  24 worker ants
  8 mummies (Ossuary)
  3 gnolls (D:8)
  14 adders
  A howler monkey skeleton (D:6)
  A shadow imp (D:8)
  3 oozes
  2 adder zombies (D:8)
  An adder skeleton (D:8)
  15 worms
  6 dart slugs
  10 leopard geckos
  61 orcs
  7 bats
  A bat zombie (D:2)
  7 giant cockroaches
  4 gnoll zombies (Ossuary)
  9 hobgoblins
  6 jackals
  11 kobolds
  5 quokkas
  6 ball pythons
  7 frilled lizards
  7 goblins
  3 hobgoblin zombies (Ossuary)
  A kobold zombie (Ossuary)
  3 rats
  A rat zombie (D:2)
  2 plants (Lair:4)
481 creatures vanquished.

Vanquished Creatures (others)
  A wizard (D:5)
  An orc wizard (D:12)
  An orc (D:12)
  4 fungi
  6 plants
13 creatures vanquished.

Grand Total: 494 creatures vanquished

Notes
Turn   | Place    | Note
-------+----------+-------------------------------------------
     0 | D:1      | Ijustatesigmund the Kobold Assassin began the quest for the Orb.
     0 | D:1      | Reached XP level 1. HP: 12/12 MP: 1/1
   253 | D:2      | Reached skill level 3 in Short Blades
   253 | D:2      | Reached XP level 2. HP: 16/18 MP: 2/2
   746 | D:1      | Reached XP level 3. HP: 16/22 MP: 3/3
  1566 | D:2      | Reached XP level 4. HP: 27/27 MP: 4/4
  1573 | D:2      | Found an ancient bone altar of Kikubaaqudgha.
  1689 | D:2      | Reached skill level 4 in Short Blades
  1985 | D:2      | Found a snail-covered altar of Cheibriados.
  1993 | D:2      | Became a worshipper of Cheibriados the Contemplative
  2277 | D:3      | Noticed nht's ghost (amateur TrTm)
  2300 | D:3      | Reached XP level 5. HP: 17/32 MP: 5/5
  2310 | D:3      | Gained mutation: Your natural rate of healing is unusually fast. [potion of mutation]
  2310 | D:3      | Gained mutation: Your spells are a little harder to cast, but a little more powerful. [potion of mutation]
  2374 | D:3      | Reached skill level 1 in Invocations
  2667 | D:3      | Reached XP level 6. HP: 38/38 MP: 7/7
  2739 | D:4      | Reached * piety under Cheibriados
  2743 | D:5      | Entered Level 5 of the Dungeon
  2762 | D:5      | Noticed a phantom
  3009 | D:5      | Killed a phantom
  3009 | D:5      | Reached skill level 5 in Fighting
  3059 | D:5      | Reached XP level 7. HP: 44/44 MP: 9/9
  3070 | D:5      | Found Gorashryboi's Antique Weapon Shop.
  3102 | D:5      | Found a glowing drain.
  3128 | Sewer    | Entered a sewer
  3408 | Sewer    | Reached ** piety under Cheibriados
  3677 | D:4      | Reached skill level 1 in Shields
  3749 | D:3      | Noticed a hippogriff
  3961 | D:3      | Killed a hippogriff
  3961 | D:3      | Reached XP level 8. HP: 14/49 MP: 10/10
  4171 | D:4      | Learned a level 1 spell: Apportation
  4531 | D:5      | Noticed Blork the orc
  4545 | D:5      | Killed Blork the orc
  4562 | D:5      | Reached *** piety under Cheibriados
  4562 | D:5      | Reached skill level 5 in Shields
  4622 | D:5      | You fall through a shaft for 2 floors!
  4657 | D:7      | Found a basalt altar of Yredelemnul.
  5053 | D:7      | Reached skill level 5 in Short Blades
  5146 | D:7      | You fall through a shaft!
  5213 | D:8      | Reached XP level 9. HP: 55/55 MP: 11/11
  5219 | D:8      | Reached skill level 1 in Translocations
  5280 | D:8      | Found a sand-covered staircase.
  5290 | Ossuary  | Entered an ossuary
  5354 | Ossuary  | Reached **** piety under Cheibriados
  5357 | Ossuary  | Reached skill level 6 in Short Blades
  5493 | Ossuary  | Identified a scroll of acquirement
  5753 | D:6      | Noticed Sigmund
  5767 | D:6      | Killed Sigmund
  5865 | D:6      | Found Pybauj's Distillery.
  5871 | D:6      | Bought a potion of flight for 42 gold pieces
  5871 | D:6      | Bought a potion of curing for 42 gold pieces
  5991 | D:6      | Reached skill level 1 in Spellcasting
  6075 | D:6      | Reached skill level 7 in Short Blades
  6115 | D:6      | Noticed Grinder
  6117 | D:6      | Killed Grinder
  6423 | D:6      | Found a staircase to the Ecumenical Temple.
  6760 | D:5      | Found a bloodstained altar of Trog.
  6761 | D:5      | Noticed a wizard
  6765 | D:5      | Killed a wizard
  6809 | D:5      | Reached XP level 10. HP: 64/64 MP: 14/14
  6817 | D:5      | Found a hazy altar of Hepliaklqana.
  6817 | D:5      | Found a deep blue altar of Sif Muna.
  6879 | D:3      | Killed nht's ghost
  7023 | D:3      | Reached skill level 8 in Short Blades
  7058 | D:3      | Reached ***** piety under Cheibriados
  7590 | D:8      | Found a staircase to the Lair.
  7681 | D:8      | Noticed Psyche
  7693 | D:8      | Killed Psyche
  7693 | D:8      | Reached skill level 5 in Invocations
  8030 | D:9      | Reached skill level 9 in Short Blades
  8102 | D:9      | Noticed a two-headed ogre
  8118 | D:9      | Killed a two-headed ogre
  8118 | D:9      | Reached skill level 5 in Dodging
  8540 | D:9      | Found a roughly hewn altar of Beogh.
  8540 | D:9      | Found a staircase to the Orcish Mines.
  8781 | D:9      | Reached skill level 10 in Short Blades
  8781 | D:9      | Reached XP level 11. HP: 59/68 MP: 16/16
  8945 | D:9      | Reached ****** piety under Cheibriados
  9319 | D:10     | Entered Level 10 of the Dungeon
  9319 | D:10     | Found a viscous altar of Jiyva.
  9446 | D:10     | Noticed a two-headed ogre
  9453 | D:10     | Killed a two-headed ogre
  9550 | D:11     | Noticed a manticore
  9562 | D:11     | Killed a manticore
  9785 | D:11     | Noticed a six-headed hydra
  9927 | D:10     | Found Lomufepi's Book Emporium.
  9945 | D:10     | Bought a book of Minor Magic for 260 gold pieces
  9948 | D:10     | Learned a level 2 spell: Blink
  9951 | D:10     | Learned a level 2 spell: Repel Missiles
  9955 | D:10     | Learned a level 3 spell: Confuse
  9991 | D:10     | Found Bomeit's Antique Armour Emporium.
  9994 | D:10     | Bought an encrusted cloak for 209 gold pieces
 10004 | D:10     | Identified the +2 cloak "Weuplur" {rN+ Regen+ Stlth+} (You bought it in a shop on level 10 of the Dungeon)
 10026 | D:10     | Reached skill level 1 in Hexes
 10334 | D:10     | Reached XP level 12. HP: 39/77 MP: 18/18
 10381 | D:10     | Found Ciosin's Armour Shoppe.
 10818 | D:11     | Killed a six-headed hydra
 11287 | D:12     | Reached skill level 10 in Fighting
 11343 | D:12     | Noticed a two-headed ogre
 11360 | D:12     | Killed a two-headed ogre
 11462 | D:12     | Reached skill level 11 in Short Blades
 11517 | D:12     | Noticed a two-headed ogre
 11521 | D:12     | Killed a two-headed ogre
 11851 | D:12     | Reached skill level 12 in Short Blades
 11938 | D:12     | Noticed a two-headed ogre
 11947 | D:12     | Killed a two-headed ogre
 11951 | D:12     | Noticed a death yak
 11955 | D:12     | Noticed a death yak
 11973 | D:12     | Noticed an unseen horror
 12098 | Lair:1   | Entered Level 1 of the Lair of Beasts
 12147 | Lair:1   | Noticed a four-headed hydra
 12157 | Lair:1   | Killed a four-headed hydra
 12223 | Lair:1   | Reached XP level 13. HP: 85/85 MP: 19/19
 12487 | Lair:1   | Reached skill level 13 in Short Blades
 12914 | Lair:2   | Found a hole to the Spider Nest.
 13430 | Lair:2   | Noticed a four-headed hydra
 13438 | Lair:2   | Killed a four-headed hydra
 13438 | Lair:2   | Reached skill level 10 in Stealth
 14124 | Lair:4   | Found a staircase to the Shoals.
 14293 | Lair:4   | HP: 3/87 [swamp worm (23)]
 15108 | Lair:5   | Found a staircase to the Slime Pits.
 15173 | Lair:5   | Found a labyrinth entrance.
 15197 | Lab      | Entered a labyrinth
 15648 | Lab      | Noticed a minotaur
 15650 | Lab      | Killed a minotaur
 15714 | Lab      | Got a translucent plate armour
 15748 | Lab      | Identified the +4 plate armour "Coniy" {*Contam +Inv rF+ Regen+ rCorr} (You found it in a labyrinth)
 16185 | Lair:1   | Learned a level 1 spell: Summon Butterflies
 16189 | Lair:1   | Learned a level 3 spell: Mephitic Cloud
 16520 | Lair:5   | Reached skill level 1 in Poison Magic
 16676 | Lair:5   | Reached skill level 1 in Summonings
 16676 | Lair:5   | Reached skill level 1 in Air Magic
 16676 | Lair:5   | Reached XP level 14. HP: 79/92 MP: 20/20
 16709 | Lair:5   | Reached skill level 1 in Conjurations
 16783 | Lair:5   | Noticed an entropy weaver
 16963 | Lair:5   | Killed an entropy weaver
 17293 | Lair:5   | Noticed an entropy weaver
 17311 | Lair:5   | Slain by an entropy weaver

Vault maps used:
D:1:      elethiomel_arrival_shortcut, minmay_hedge_maze
D:2:      lemuel_zombie_altar_kikubaaqudgha, old_standard_altar, first_bread,
          feat_on_display
D:4:      item_on_display_b
D:5:      gammafunk_temple_overflow_elements, serial_shops,
          nicolae_shop_crystal, portal_sewer_entry_f, trog_wizard,
          uniq_blork_the_orc
D:6:      minmay_temple_entry_hall, serial_shops, shop_fountains,
          lightli_minifort, uniq_sigmund, uniq_grinder
D:7:      kennysheep_mini_moat
D:8:      lair_entry_dummy, lightli_ossuary_entry_decrepit_ruins, uniq_psyche
D:9:      david_orc_5, hangedman_pestilent_swarm
D:10:     serial_shops, nicolae_shop_trees, nicolae_shop_behind_doors, shop,
          jiyva_altar_1
D:12:     argonaut_augean_stables, lemuel_statue_altar
Lair:1:   nicolae_lair_grove_arrangements
Lair:2:   spider_nest_entry_webs, nicolae_quartered_pool_medium,
          minmay_lair_oklob_chamber
Lair:3:   grunt_megastairs_5
Lair:4:   elwin_shoals_entry_stream, worms_lemuel
Lair:5:   slime_dummy, lab_entry_generic, zaba_antful_of_joy
Lab:      labyrinth_watery, nicolae_lab_swirl, nicolae_lab_very_dead_end,
          labyrinth_glass_1, nicolae_lab_plus
Sewer:    sewer_fruit_machine
Ossuary:  ossuary_tomb_3

Skill      XL: |  1  2  3  4  5  6  7  8  9 10 11 12 13 14 |
---------------+-------------------------------------------+-----
Short Blades   | 3 4 5 7 10 12 13 | 13.6
Dodging        | 2 6 9 |  9.5
Stealth        | 6 8 9 12 | 12.1
Fighting       | 3 4 5 6 8 9 11 12 | 12.5
Invocations    | 2 3 6 9 |  9.2
Shields        | 3 5 |  5.5
Translocations | 2 |  2.8
Spellcasting   | 2 3 |  3.2
Hexes          | 3 4 |  4.4
Poison Magic   | 1 2 |  2.7
Summonings     | 1 2 |  2.7
Air Magic      | 1 2 |  2.4
Conjurations   | 2 |  2.8
Throwing       | |  2.1

Action                   |  1- 3 |  4- 6 |  7- 9 | 10-12 | 13-15 || total
-------------------------+-------+-------+-------+-------+-------++-------
Melee: Dagger            |   100 |       |       |       |       ||   100
       Short sword       |    19 |   140 |   424 |   704 |   549 ||  1836
 Fire: Blowgun           |       |       |    12 |       |       ||    12
Throw: Tomahawk          |       |       |       |     2 |       ||     2
 Cast: Apportation       |       |       |     2 |       |     2 ||     4
       Blink             |       |       |       |     3 |     2 ||     5
       Repel Missiles    |       |       |       |     2 |     1 ||     3
       Confuse           |       |       |       |       |     4 ||     4
Invok: Slouch            |       |       |       |     2 |     1 ||     3
       Bend Time         |       |       |       |     1 |       ||     1
Evoke: Wand              |       |       |       |    11 |     4 ||    15
  Use: Scroll            |     5 |     4 |    21 |     9 |    13 ||    52
       Potion            |       |     5 |     1 |     2 |       ||     8
 Stab: Sleeping          |     7 |     9 |    18 |    22 |    28 ||    84
       Distracted        |       |     1 |       |     6 |     9 ||    16
       Confused          |       |       |       |     1 |     3 ||     4
  Eat: Chunk             |    10 |     4 |     8 |    14 |    12 ||    48
Armor: Robe              |    13 |    12 |    56 |    39 |    15 ||   135
       Skin              |       |    13 |       |       |       ||    13
Dodge: Dodged            |    65 |    84 |   255 |   304 |   222 ||   930
       Deflected         |       |       |       |     4 |     1 ||     5
Block: Buckler           |       |       |   147 |   254 |   193 ||   594
